 Dungeon Crawl Stone Soup version 0.32-a0-798-gfa783ce77f (webtiles) character file.

Game seed: 14550193968159494613

542715 Jannitor the Peltast (level 24, 0/217 HPs)
             Began as a Red Draconian Hexslinger on Mar 12, 2024.
             Was the Champion of Beogh.
             Killed by divine providence
             ... invoked by a smoke demon
              (16 damage)
             ... on level 3 of the Abyss on Mar 21, 2024.
             The game lasted 02:32:53 (66180 turns).

Jannitor the Peltast (Red Draconian Hexslinger)    Turns: 66180, Time: 02:32:55

Health: 0/217      AC: 26    Str: 15    XL:     24   Next: 79%
Magic:  26/26      EV: 21    Int: 16    God:    Beogh [******]
Gold:   3299       SH: 37    Dex: 22    Spells: 28/44 levels left

rFire   + + +        r - +8 demon blade (venom)
rCold   + + +        T - +10 tower shield of Ignorance {rN+ Int-4}
rNeg    + + .        (body armour unavailable)
rPois   +            O - +2 hat {Int+3}
rElec   .            F - +2 cloak {rC+}
rCorr   .            y - +0 pair of gloves of the Painted God {rPois rC++}
SInv    +            K - +2 pair of boots {rF+}
Will    ++...        c - amulet of Hiri {Reflect rPois rC+ rN+ SH+5 Stlth-}
Stlth   +            o - +4 ring of protection
HPRegen 0.00/turn    R - ring "Zaykkish" {Fire Will+ Int+4}
MPRegen 0.20/turn

%: reflection
@: maw-form, fugue, sick, hasted, wreathed by umbra, studying 3 skills, unable
to read, very quick
A: devouring maw, walk on water, combustion breath, AC +12, unfitting armour,
fire resistance 1, cold-blooded, claws 1, see invisible, shaggy fur 1, [low MP
3], [no potion heal 1], [inability to read after injury 1]
}: 3/15 runes: serpentine, barnacled, silver
a: Combustion Breath, Begin Untransformation, Renounce Religion, Smiting, Recall
Apostles, Blood for Blood, Dismiss Gorbash, priest, Dismiss Morguth, warrior,
Dismiss Learuk, priest


You were on level 3 of the Abyss.
You worshipped Beogh.
Beogh was exalted by your worship.
You were a creature with a mouth for a stomach.
You visited 9 branches of the dungeon, and saw 45 of its levels.
You visited the Abyss 1 time.
You visited 1 bazaar.
You also visited: Sewer, Ossuary and Ice Cave.

You collected 7787 gold pieces.
You spent 4488 gold pieces at shops.

Inventory:

Hand Weapons
 r - a +8 demon blade of venom (weapon)
Armour
 y - the +0 pair of gloves of the Painted God (worn) {rPois rC++}
   (You bought it in a shop on level 1 of the Orcish Mines)

   rC++:      It greatly protects you from cold.
   rPois:     It protects you from poison.
 F - a +2 cloak of cold resistance (worn)
 K - a +2 pair of boots of fire resistance (worn)
 O - a +2 hat of intelligence (worn)
 T - the +10 tower shield of Ignorance (worn) {rN+ Int-4}
   (You found it on level 3 of the Vaults)

   Int-4:     It affects your intelligence (-4).
   rN+:       It protects you from negative energy.
Jewellery
 a - a ring of wizardry
 c - the amulet of Hiri (around neck) {Reflect rPois rC+ rN+ SH+5 Stlth-}
   (You bought it in a shop on level 2 of the Orcish Mines)

   [amulet of reflection]

   Reflect:   It reflects blocked missile attacks.
   rC+:       It protects you from cold.
   rPois:     It protects you from poison.
   rN+:       It protects you from negative energy.
   SH+5:      It affects your SH (+5).
   Stlth-:    It makes you less stealthy.
 o - a +4 ring of protection (left hand)
 E - an amulet of guardian spirit
 R - the ring "Zaykkish" (right hand) {Fire Will+ Int+4}
   (You bought it in a shop on level 4 of the Snake Pit)

   [ring of fire]

   Fire:      It enhances your fire magic.
   Int+4:     It affects your intelligence (+4).
   rF+:       It protects you from fire.
   rC-:       It makes you vulnerable to cold.
   Will+:     It increases your willpower.
Talismans
 H - a maw talisman (active)
Wands
 d - a wand of charming (47)
 e - a wand of flame (78)
 j - a wand of light (59)
 p - a wand of digging (9)
 w - a wand of polymorph (39)
 D - a wand of mindburst (20)
 X - a wand of roots (44)
Scrolls
 b - 13 scrolls of poison
 l - 7 scrolls of immolation
 m - 4 scrolls of torment
 n - 6 scrolls of amnesia
 t - 9 scrolls of fog
 u - a scroll of summoning
 z - 6 scrolls of noise
 B - 9 scrolls of teleportation
 C - 6 scrolls of vulnerability
 L - a scroll of fear
 M - 2 scrolls of silence
 U - 2 scrolls of enchant armour
 V - 6 scrolls of revelation
Potions
 f - a potion of haste
 g - 4 potions of curing
 i - 6 potions of magic
 k - 2 potions of resistance
 v - 8 potions of attraction
 x - 8 potions of mutation
 A - 5 potions of might
 G - 8 potions of lignification
 I - a potion of ambrosia
 N - 6 potions of berserk rage
 Q - 6 potions of enlightenment
 Y - 5 potions of invisibility
Miscellaneous
 q - a phial of floods
 s - a phantom mirror
 J - a lightning rod (4/4)
 W - a tin of tremorstones (1/2)
 Z - a box of beasts


   Skills:
 + Level 18.2 Fighting
 - Level 11.1(14.5) Short Blades
 + Level 14.9(16.3) Long Blades
 - Level 2.1 Ranged Weapons
 + Level 14.7 Dodging
 * Level 18.7 Shields
 + Level 10.6 Spellcasting
 - Level 4.8 Hexes
 + Level 12.1 Summonings
 + Level 11.5 Necromancy
 - Level 1.2 Fire Magic
 + Level 15.0 Invocations
 + Level 12.8 Evocations
 + Level 17.3 Shapeshifting


You had 28 spell levels left.
You knew the following spells:

 Your Spells              Type           Power      Damage    Failure   Level
a - Jinxbite              Hex            46%        N/A       4%          2
b - Martyr's Knell        Necr/Summ      46%        N/A       1%          4
c - Fugue of the Fallen   Necr           45%        N/A       1%          3
d - Anguish               Hex/Necr       17%        N/A       7%          4
e - Tukima's Dance        Hex            23%        N/A       9%          3

Your spell library contained the following spells:

 Spells                   Type           Power      Damage    Failure   Level
 Kiss of Death            Conj/Necr      100%       2d13      1%          1
 Summon Small Mammal      Summ           100%       N/A       1%          1
 Call Imp                 Summ           94%        N/A       1%          2
 Sublimation of Blood     Necr           45%        N/A       1%          2
 Call Canine Familiar     Summ           47%        N/A       1%          3
 Animate Dead             Necr           45%        N/A       1%          4
 Dispel Undead            Necr           45%        3d17      1%          4
 Curse of Agony           Necr           45%        N/A       4%          5
 Summon Ice Beast         Ice/Summ       27%        N/A       5%          3
 Cigotuvi's Dreadful Rot  Necr/Alch/Air  40%        N/A       6%          2
 Confusing Touch          Hex            23%        N/A       9%          3
 Sigil of Binding         Hex            23%        N/A       9%          3
 Ensorcelled Hibernation  Hex/Ice        32%        N/A       12%         2
 Summon Blazeheart Golem  Fire/Summ      44%        N/A       14%         4
 Scorch                   Fire           36%        2d6       19%         2
 Inner Flame              Hex/Fire       27%        N/A       19%         3
 Summon Mana Viper        Hex/Summ       35%        N/A       19%         5
 Freeze                   Ice            32%        1d5       22%         1
 Magic Dart               Conj           32%        1d4       22%         1
 Sandblast                Erth           16%        2d6       22%         1
 Shock                    Conj/Air       32%        1d5       22%         1
 Sting                    Conj/Alch      32%        1d5       22%         1
 Summon Cactus Giant      Summ           23%        N/A       22%         6
 Cause Fear               Hex            11%        N/A       28%         4
 Death Channel            Necr           22%        N/A       28%         6
 Blink                    Tloc           16%        N/A       32%         2
 Lesser Beckoning         Tloc           16%        N/A       32%         2
 Mercury Vapours          Alch/Air       16%        N/A       32%         2
 Momentum Strike          Conj/Tloc      16%        3d8       32%         2
 Searing Ray              Conj           16%        2d5       32%         2
 Static Discharge         Conj/Air       16%        3-4/arc   32%         2
 Volatile Blastmotes      Fire/Tloc      30%        2d12      43%         3
 Summon Forest            Summ/Tloc      13%        N/A       43%         5
 Borgnjor's Vile Clutch   Necr/Erth      13%        N/A       47%         5
 Frozen Ramparts          Ice            16%        1d3       54%         3
 Gell's Gravitas          Tloc           8%         N/A       54%         3
 Hailstorm                Conj/Ice       8%         3d5       54%         3
 Ozocubu's Armour         Ice            8%         N/A       54%         3
 Passwall                 Erth           8%         N/A       54%         3
 Stone Arrow              Conj/Erth      16%        3d8       54%         3
 Swiftness                Air            8%         N/A       54%         3
 Teleport Other           Tloc           8%         N/A       54%         3
 Dimensional Bullseye     Hex/Tloc       8%         N/A       61%         4
 Haunt                    Necr/Summ      23%        N/A       80%         7
 Flame Wave               Conj/Fire      15%        2d7       85%         4
 Ignite Poison            Fire/Alch      15%        N/A       85%         4
 Sticky Flame             Fire/Alch      15%        2d5       85%         4
 Airstrike                Air            4%         2d(1-17)  91%         4
 Fulminant Prism          Conj/Alch      4%         3d5       91%         4
 Iskenderun's Mystic Bla  Conj/Tloc      8%         2d4       91%         4
 Leda's Liquefaction      Alch/Erth      4%         N/A       91%         4
 Manifold Assault         Tloc           8%         N/A       91%         4
 Passage of Golubria      Tloc           8%         N/A       91%         4
 Vhi's Electric Charge    Tloc/Air       16%        N/A       91%         4
 Metabolic Englaciation   Hex/Ice        8%         N/A       91%         5
 Silence                  Hex/Air        8%         N/A       91%         5
 Yara's Violent Unravell  Hex/Alch       8%         3d5       91%         5
 Arcjolt                  Conj/Air       4%         1d14      99%         5
 Fireball                 Conj/Fire      7%         3d5       99%         5
 Freezing Cloud           Conj/Ice/Air   4%         6-21      99%         5
 Iskenderun's Battlesphe  Conj           8%         2d6       99%         5
 Lee's Rapid Deconstruct  Erth           4%         3d5*      99%         5
 Bombard                  Conj/Erth      4%         9d2       100%        6
 Dispersal                Tloc           4%         N/A       100%        6
 Permafrost Eruption      Ice/Erth       4%         2x4d3     100%        6
 Plasma Beam              Fire/Air       7%         2x1d18    100%        6
 Sculpt Simulacrum        Ice/Alch       4%         N/A       100%        6
 Enfeeble                 Hex            11%        N/A       100%        7
 Malign Gateway           Summ/Tloc      13%        N/A       100%        7
 Orb of Destruction       Conj           4%         9d5       100%        7
 Ozocubu's Refrigeration  Ice            4%         4d8       100%        7
 Spellforged Servitor     Conj/Summ      13%        N/A       100%        7
 Disjunction              Tloc           4%         N/A       100%        8
 Infestation              Necr           22%        N/A       100%        8
 Maxwell's Capacitive Co  Air            4%         ∞         100%        8
 Summon Horrible Things   Summ           23%        N/A       100%        8
 Death's Door             Necr           22%        N/A       100%        9
 Dragon's Call            Summ           23%        N/A       100%        9
 Fire Storm               Conj/Fire      7%         8d2       100%        9
 Polar Vortex             Ice            4%         N/A       100%        9
 Shatter                  Erth           4%         3d7*      100%        9


Dungeon Overview and Level Annotations

Branches:
Dungeon (15/15)            Temple (0/1) D:7            Lair (5/5) D:10
 Shoals (4/4) Lair:2        Snake (4/4) Lair:2        Slime (0/5) Lair:4
    Orc (2/2) D:12            Elf (3/3) Orc:2        Vaults (5/5) D:14
  Crypt (3/3) Vaults:2       Tomb (0/3) Crypt:3      Depths (4/4) D:15
    Zot (0/5) Depths:4      Sewer (visited)         Ossuary (visited)
  IceCv (visited)

Altars:
Ashenzari
Elyvilon
Fedhas
Gozag
Hepliaklqana
Qazlal
Sif Muna
Trog
Uskayaw
Vehumet
Wu Jian
Zin
The Shining One
Beogh
Jiyva

Shops:
D:8 *   D:9 ?   D:12 ?   Orc:1 [   Orc:2 =*[(   Elf:1 *   Elf:2 *   Elf:3 =!*
Snake:3 =::   Snake:4 *(**   Depths:1 :=   Depths:4 *?

Portals:
Hell: Depths:1 Depths:2 Depths:3 Depths:4
Abyss: Depths:3
Pandemonium: Depths:2 Depths:4
Ziggurat: Depths:4
Trove: Vaults:2 (give +6 demon whip)

Annotations:
D:12 2 transporters, Revguard's ghost, journeyman TrMo
Lair:5 exclusion: oklob plant
Shoals:3 2 transporters, lis82's ghost, adept DgWn


Innate Abilities, Weirdness & Mutations

You are a creature with a mouth for a stomach.
Your midsection houses a second, enormous mouth.
You can walk on water.
Your facial features are unmistakably orcish.
You can breathe blasts of explosive embers.
Your fiery red scales are hard. (AC +12)
You cannot fit into any form of body armour.
Your flesh is heat resistant. (rF+)
You are cold-blooded and may be slowed by cold attacks.
You have sharp fingernails.
You have supernaturally acute eyesight. (SInv)
You are covered in fur. (AC +1)
[Your magical capacity is extremely low. (-30% MP)]
[Potions are less effective at restoring your health.]
[You occasionally lose the ability to read scrolls when taking damage.]


Message History

The starcursed mass shudders and is absorbed by its neighbour. x2
You hear a shout! x2
Something shouts, "Give up, thou pribbling two-tin-hat codpiece!"
You hear a roar!
You hear a shout!
You block the sun demon's attack.
You block the profane servitor's attack.
The profane servitor hits you but does no damage.
A starcursed mass splits.
Unknown command.
Unknown command.
You slice the sun demon!!
You kill the sun demon!
Beogh accepts your kill.
You block the profane servitor's attack. x2
Unknown command.
An iron dragon zombie comes into view.
The wailing of tortured souls fills the air!
You completely miss the profane servitor.
Your bite misses the profane servitor.
The wailing of tortured souls fills the air!
You block the profane servitor's attack. x2
The smoke demon gestures at you. Something smites you!
* * * LOW HITPOINT WARNING * * *
A starcursed mass splits.
Unknown command.
You slash the profane servitor!
You tail-slap the profane servitor, but do no damage.
You bite the profane servitor!
The profane servitor is lightly damaged.
You block the small abomination's attack.
The profane servitor barely misses you.
You block the profane servitor's attack.
Your system partially rejects the healing.
You feel better. A chorus of shrieks assaults your mind.
* * * LOW HITPOINT WARNING * * *
The smoke demon gestures at you. Something smites you!
You die...

##..# ... .##
........##. ##
.X...# . # .
3X..# ..###. ##
#..###X.# #.#..
#....#####.###.
.#
##...#.........Z
.. #.... #x#A.#
..# .# . .#.#
#.#W#..# .. # #
##...#.......
..##...#..#...
##..#.##.####..
. #. ##.#. .#
.... # .. ... #
# .. #... §#. .
##


You could see a profane servitor, 3 starcursed masses, a smoke demon and a small
abomination.

Vanquished Creatures
  Frederick (Vaults:5)
  A dread lich (Crypt:3)
  Mara (Vaults:3)
  Vashnia (Snake:1)
  Margery (Depths:1)
  A golden dragon (Depths:3)
  A walking crystal tome (Depths:2)
  2 tentacled monstrosities (Vaults:5)
  A hellephant (Depths:1)
  5 liches
  2 deep elf master archers (Elf:3)
  6 titans
  4 quicksilver dragons
  5 sphinxes
  2 tentacled starspawn
  Polyphemus (Shoals:2)
  3 shadow dragons
  4 tengu reavers
  Aizul (Snake:1)
  3 storm dragons
  4 revenants
  A draconian monk (Depths:4)
  Roxanne (Snake:2)
  7 nagarajas
  11 fire giants
  5 deep elf sorcerers
  12 frost giants
  13 vault wardens
  Louise (Shoals:2)
  2 curse skulls
  A balrug (Crypt:3)
  A deep elf elementalist (Elf:3)
  10 ironbound preservers
  A reaper (Depths:2)
  A juggernaut zombie (Depths:3)
  A ghoul (Vaults:2)
  A draconian stormcaller (Depths:4)
  3 formless jellyfish
  4 ironbound thunderhulks
  11 very ugly things
  8 stone giants
  4 orc warlords
  Nessos (Orc:2)
  4 vampire knights
  A black draconian (Depths:4)
  A bunyip (Abyss:2)
  4 deep elf demonologists
  5 deep elf annihilators
  3 spark wasps
  8 war gargoyles
  3 deep elf death magi
  3 green draconians (Depths:4)
  3 dire elephants
  A blizzard demon (Abyss:2)
  5 fire dragons
  9 yaktaur captains
  A crystal guardian (Vaults:3)
  2 eidola
  5 merfolk javelineers
  6 merfolk impalers
  2 green deaths (Abyss:2)
  14 ettins
  2 entropy weavers (Vaults:3)
  A jiangshi (Crypt:3)
  3 deep elf high priests
  5 great orbs of eyes
  7 ice dragons
  A rakshasa (D:15)
  5 hydras
  A spriggan zombie (Abyss:2)
  A sphinx zombie (Depths:3)
  4 peacekeepers
  16 vault guards
  A spriggan air mage (Depths:3)
  3 centaur warriors
  5 ironbound frosthearts
  3 salamander tyrants (Snake:4)
  2 merfolk aquamancers
  2 death knights
  6 anacondas
  13 dancing weapons
  A death yak (Shoals:2)
  A two-headed ogre (D:13)
  4 merfolk avatars
  8 deep troll earth magi
  2 satyrs (Shoals:4)
  5 boulder beetles
  A tengu warrior (Depths:4)
  5 deep troll shamans
  4 occultists
  3 orc high priests
  9 naga sharpshooters
  3 thrashing horrors (Abyss:2)
  8 shock serpents
  4 hell hogs
  12 naga warriors
  A titan zombie (Vaults:1)
  3 vampire magi
  2 spriggan berserkers (Depths:4)
  A soul eater (Depths:2)
  4 sun demons
  Nergalle (Lair:1)
  10 deep elf knights
  6 iron trolls
  13 hell knights
  3 salamander mystics
  2 shadow wraiths (Crypt:3)
  2 skeletal warriors
  3 fire crabs (D:15)
  5 skysharks
  A swamp dragon (Depths:3)
  A death drake (Abyss:2)
  4 wretched stars (Abyss:2)
  5 sea snakes
  A spark wasp zombie (Depths:2)
  An obsidian statue (Shoals:3)
  2 sixfirhies
  35 deep trolls
  A snapping turtle (shapeshifter) (Vaults:4)
  2 naga ritualists (Snake:3)
  A sun moth (Depths:1)
  5 mana vipers
  12 arcanists
  A storm dragon skeleton (Depths:3)
  13 flayed ghosts
  9 large abominations
  5 glowing orange brains
  10 ironbound convokers
  A bunyip skeleton (Crypt:2)
  A wolf spider zombie (D:14)
  3 deep elf archers
  15 harpies
  4 thermic dynamos
  A steelbarb worm (shapeshifter) (Vaults:5)
  8 necromancers
  A shadow dragon zombie (Depths:3)
  6 lindwurms
  8 phantasmal warriors
  17 deep elf pyromancers
  12 deep elf zephyrmancers
  2 orc sorcerers
  8 orc knights
  A sphinx simulacrum (Vaults:1)
  29 ugly things
  6 cyclopes
  6 fauns
  15 manticores
  12 salamanders
  Maurice (D:8)
  A tengu skeleton (Depths:3)
  3 centaur zombies
  2 kobold blastminers (Orc:1)
  2 ice statues (IceCv)
  A worldbinder (Abyss:2)
  A goliath frog skeleton (Crypt:3)
  2 rust devils
  16 slime creatures
  4 merfolk sirens
  18 vault sentinels
  An eye of devastation (shapeshifter) (Vaults:4)
  A fire giant skeleton (Crypt:1)
  10 black mambas
  6 guardian serpents
  5 smoke demons
  10 naga magi
  A dire elephant zombie (Crypt:3)
  6 water nymphs
  A shock serpent skeleton (Crypt:2)
  An unseen horror (Abyss:2)
  An apocalypse crab (Abyss:2)
  11 cane toads
  5 gargoyles
  An orange demon (Abyss:2)
  A catoblepas zombie (Crypt:1)
  A dire elephant skeleton (Crypt:3)
  A kobold demonologist (D:12)
  8 rime drakes
  A white draconian zombie (Crypt:1)
  A centaur skeleton (Crypt:3)
  24 yaktaurs
  An unseen horror zombie (Crypt:1)
  5 komodo dragons
  4 tengu conjurers
  8 freezing wraiths
  A sea snake zombie (Crypt:2)
  6 trolls
  2 hellwings (Snake:3)
  3 ancient zymes
  A merfolk (shapeshifter) (Vaults:5)
  20 merfolk
  2 harpy zombies (Crypt:3)
  9 snapping turtles
  7 wind drakes
  2 polar bears
  A sun moth zombie (Crypt:2)
  Prince Ribbit (D:7)
  2 ice dragon zombies
  2 wolf spider simulacra (D:15)
  13 raiju (Abyss:2)
  11 blink frogs
  Grinder (D:3)
  A hornet (D:8)
  A harpy skeleton (Crypt:3)
  3 dream sheep (Shoals:3)
  A meliai zombie (D:14)
  A jumping spider (shapeshifter) (D:13)
  5 ynoxinuls
  5 air elementals
  Sigmund (D:5)
  6 shadows
  A dire elephant simulacrum (Abyss:2)
  3 wyverns
  16 water elementals
  2 vampires
  8 wraiths
  24 yaks
  3 fire bats (Abyss:2)
  5 neqoxecs (Abyss:2)
  3 basilisks
  3 wargs
  3 steam dragons (D:7)
  9 vampire mosquitoes
  A redback (Vaults:3)
  2 chaos spawn (Abyss:2)
  5 small abominations (Abyss:2)
  A deep troll zombie (Crypt:3)
  A harpy simulacrum (Crypt:2)
  4 acid dragons
  31 nagas
  A deep troll skeleton (Abyss:3)
  3 meliai simulacra (D:15)
  A two-headed ogre skeleton (Crypt:2)
  11 water moccasins
  3 sky beasts
  9 orc warriors
  A black bear (D:6)
  An ice beast (D:6)
  4 ogres
  A hornet zombie (D:14)
  9 laughing skulls
  4 wolves (Lair:3)
  4 centaurs (D:8)
  2 phantoms
  2 kobold brigands (D:12)
  2 swamp dragon skeletons
  3 weeping skulls
  A brain worm (Abyss:1)
  A human simulacrum (Vaults:1)
  An earth elemental (Elf:2)
  13 bullfrogs
  3 scorpions
  2 elf skeletons (D:7)
  A komodo dragon skeleton (Crypt:1)
  A gnoll sergeant (D:5)
  A burial acolyte (Ossuary)
  A wyvern skeleton (Crypt:2)
  7 wights
  18 killer bees
  4 lindwurm simulacra (IceCv)
  2 electric eels
  A bombardier beetle (D:5)
  4 komodo dragon simulacra (IceCv)
  6 human zombies
  A quasit (Abyss:2)
  A hound (D:6)
  An orc priest (D:7)
  3 iron imps (Abyss:2)
  5 jellies
  2 sleepcaps (D:6)
  20 starcursed masses
  A gnoll bouda (D:10)
  3 iguanas
  Natasha (thrice) (D:3)
  Terence (D:2)
  A human skeleton (D:7)
  14 orc wizards
  2 hell rats (Lair:3)
  A naga zombie (Crypt:2)
  3 mummies (Ossuary)
  Robin (D:3)
  9 acid dragon simulacra (IceCv)
  9 adders
  10 gnolls
  A steam dragon zombie (Crypt:1)
  A white imp (Abyss:2)
  4 ufetubi
  4 steam dragon simulacra (IceCv)
  6 dart slugs
  2 ribbon worms
  26 orcs
  8 bats
  An endoplasm (D:2)
  10 giant cockroaches
  2 gnoll zombies (Ossuary)
  17 goblins
  6 hobgoblins
  2 jackals (D:4)
  7 kobolds
  5 quokkas
  10 ball pythons
  7 frilled lizards
  4 kobold zombies (Ossuary)
  3 orc skeletons (D:7)
  4 orc zombies
  7 rats
  A lurking horror (Abyss:3)
1458 creatures vanquished.

Vanquished Creatures (collateral kills)
  2 dread liches
  Saint Roka (Vaults:5)
  2 golden dragons
  Jory (Vaults:3)
  Zenata (Vaults:1)
  2 tentacled monstrosities (Vaults:5)
  Jorgrun (D:12)
  3 liches
  A quicksilver dragon (Depths:3)
  A deep elf blademaster (Elf:2)
  2 titans
  3 sphinxes
  Gastronok (Lair:1)
  An ancient champion (Crypt:2)
  A shadow dragon (Vaults:5)
  5 tengu reavers
  A storm dragon (Depths:3)
  6 nagarajas (Snake:4)
  A caustic shrike zombie (Depths:2)
  2 frost giants
  2 fire giants
  6 vault wardens
  A draconian scorcher (Abyss:2)
  A balrug (Crypt:3)
  A deep elf elementalist (Elf:3)
  A reaper (Depths:3)
  An orc warlord (Orc:1)
  9 stone giants
  7 ironbound preservers
  2 vampire knights
  3 very ugly things
  4 ironbound thunderhulks
  A deep elf death mage (Depths:1)
  A deep elf annihilator (Elf:3)
  2 yellow draconians (Depths:4)
  2 dire elephants (Vaults:1)
  A deep elf demonologist (Elf:3)
  A war gargoyle (Crypt:3)
  A spark wasp (shapeshifter) (Vaults:5)
  A black draconian (Depths:4)
  10 ettins
  4 merfolk javelineers (Shoals:4)
  A jiangshi (Crypt:3)
  A spriggan zombie (Crypt:3)
  4 yaktaur captains
  A deep elf high priest (Vaults:5)
  4 merfolk impalers (Shoals:4)
  A great orb of eyes (Vaults:3)
  18 vault guards
  A fire dragon (Depths:4)
  2 hydras
  A rakshasa (Depths:1)
  2 centaur warriors
  4 ice dragons
  Fannar (Lair:1)
  A spriggan air mage (Depths:1)
  A spriggan skeleton (Crypt:3)
  3 merfolk avatars
  A peacekeeper (Vaults:1)
  4 anacondas
  2 catoblepae
  6 dancing weapons
  4 merfolk aquamancers
  An ironbound frostheart (Vaults:1)
  9 death yaks
  4 boulder beetles
  A deep troll shaman (Depths:4)
  5 deep troll earth magi
  2 vampire magi
  3 orc high priests
  7 naga sharpshooters
  6 naga warriors
  2 thrashing horrors (Abyss:2)
  A soul eater (Crypt:1)
  15 hell knights
  2 spriggan berserkers
  2 shock serpents
  9 skeletal warriors
  2 skysharks (Shoals:2)
  3 deep elf knights (Elf:2)
  A fire crab (D:15)
  A death drake (shapeshifter) (Vaults:3)
  3 iron trolls
  A salamander mystic (Snake:4)
  3 sea snakes
  4 naga ritualists
  A glowing orange brain (Depths:1)
  3 lindwurms
  A thermic dynamo (Elf:3)
  A mana viper (Snake:3)
  8 harpies
  13 deep trolls
  6 ironbound convokers
  7 deep elf pyromancers
  6 phantasmal warriors
  8 deep elf zephyrmancers
  A necromancer (Depths:2)
  4 ugly things
  8 orc knights
  A tengu skeleton (Depths:2)
  4 orc sorcerers
  4 fauns
  3 salamanders
  2 cyclopes
  A manticore (shapeshifter) (Depths:4)
  3 merfolk sirens
  A rust devil (D:15)
  9 manticores
  4 guardian serpents
  A molten gargoyle (D:15)
  A smoke demon (Crypt:3)
  4 water nymphs
  8 black mambas
  A centaur zombie (D:14)
  8 naga magi
  A dire elephant skeleton (Crypt:2)
  3 cane toads
  2 gargoyles
  11 vault sentinels
  A hellion (Depths:4)
  A human zombie (Vaults:1)
  An elf skeleton (Vaults:1)
  9 yaktaurs
  5 komodo dragons
  A minotaur zombie (Crypt:3)
  A komodo dragon (shapeshifter) (Elf:1)
  4 freezing wraiths
  4 tengu conjurers
  15 merfolk
  4 polar bears
  A troll (Orc:1)
  A wolf spider simulacrum (D:15)
  7 wind drakes
  2 hornets (Lair:5)
  2 snapping turtles (Shoals:4)
  10 blink frogs
  A dream sheep (Shoals:3)
  A vampire (Crypt:3)
  12 slime creatures
  12 water elementals
  A black mamba zombie (Crypt:3)
  4 wyverns
  2 shadows
  A basilisk (D:13)
  A fire bat (Abyss:2)
  A naga simulacrum (Crypt:2)
  A warg (Orc:2)
  21 yaks
  3 wraiths
  5 vampire mosquitoes
  2 redbacks (Vaults:3)
  25 nagas
  4 water moccasins
  7 orc warriors
  A meliai simulacrum (D:15)
  4 ogres
  3 wolves (Lair:3)
  3 laughing skulls
  A salamander zombie (Crypt:1)
  A kobold brigand (D:12)
  3 bullfrogs
  A yaktaur skeleton (Crypt:2)
  An earth elemental (Elf:1)
  A small abomination (Abyss:2)
  A wight (Crypt:3)
  5 killer bees (D:10)
  A gnoll bouda (D:10)
  6 orc priests
  2 jellies (Lair:4)
  A starcursed mass (Abyss:2)
  3 orc wizards (Orc:1)
  5 hell rats (Lair:3)
  2 gnolls (D:10)
  3 orcs (Orc:2)
  A hobgoblin skeleton (Crypt:1)
611 creatures vanquished.

Vanquished Creatures (others)
  A sphinx (Vaults:5)
  A fire giant (Depths:3)
  An ettin (Depths:2)
  38 orc apostles
  An orc high priest (Orc:2)
  A deep elf knight (Elf:2)
  A hell knight (Depths:3)
  A harpy (Shoals:4)
  An ugly thing (Vaults:4)
  A deep elf zephyrmancer (Elf:1)
  A large abomination (Abyss:2)
  A troll (Orc:2)
  A raiju (Abyss:2)
  A small abomination (Abyss:2)
  6 orc warriors
  A weeping skull (Abyss:2)
  A kobold brigand (D:12)
  12 orc priests
  7 orc wizards
  An ufetubus (Abyss:2)
  18 orcs
  A lurking horror (Abyss:2)
  4 starspawn tentacles
102 creatures vanquished.

Grand Total: 2171 creatures vanquished

Notes
Turn   | Place    | Note
-------+----------+-------------------------------------------
     0 | D:1      | Jannitor the Draconian Hexslinger began the quest for the
                  | Orb.
     0 | D:1      | Reached XP level 1. HP: 16/16 MP: 2/2
   288 | D:1      | Reached XP level 2. HP: 23/23 MP: 3/3
   854 | D:2      | Learned a level 2 spell: Jinxbite
   864 | D:2      | Reached skill level 1 in Shapeshifting
   864 | D:2      | Reached XP level 3. HP: 28/29 MP: 1/4
  1183 | D:2      | Noticed Terence
  1195 | D:2      | Killed Terence
  1196 | D:2      | Reached skill level 1 in Short Blades
  1196 | D:2      | Reached XP level 4. HP: 29/37 MP: 2/5
  1965 | D:3      | Found a broken altar of Ashenzari.
  2069 | D:3      | Noticed Natasha
  2076 | D:3      | Reached XP level 5. HP: 32/42 MP: 3/6
  2082 | D:3      | Killed Natasha
  2154 | D:3      | Noticed Grinder
  2457 | D:3      | Noticed Natasha
  2463 | D:3      | Killed Natasha
  2640 | D:3      | Killed Grinder
  2641 | D:3      | Reached XP level 6. HP: 41/51 MP: 7/7
  2745 | D:3      | Noticed Robin
  2756 | D:3      | Killed Robin
  2760 | D:3      | Noticed Natasha
  3005 | D:3      | Killed Natasha
  3170 | D:3      | Found a faded altar of an unknown god.
  3431 | D:4      | Noticed a +0 dagger
  3431 | D:4      | Noticed a +0 hand axe
  3434 | D:4      | Found a hide-covered altar of Uskayaw.
  3445 | D:4      | Your scales start taking on a fiery red colour.
  3445 | D:4      | Reached XP level 7. HP: 52/58 MP: 4/8
  3445 | D:4      | Gained mutation: Your flesh is heat resistant. (rF+) [Red
                  | Draconian growth]
  4242 | D:5      | Entered Level 5 of the Dungeon
  4249 | D:5      | Noticed Sigmund
  4260 | D:5      | Killed Sigmund
  4588 | D:5      | Reached skill level 5 in Shapeshifting
  4629 | D:5      | Reached XP level 8. HP: 67/67 MP: 6/9
  4694 | D:5      | Found a glowing drain.
  4723 | Sewer    | Entered a sewer
  5070 | Sewer    | Reached skill level 5 in Fighting
  6509 | D:6      | Became a worshipper of Beogh the Shepherd
  6930 | D:7      | Reached XP level 9. HP: 65/75 MP: 11/11
  6964 | D:7      | Found a sand-covered staircase.
  6977 | Ossuary  | Entered an ossuary
  7138 | Ossuary  | Reached * piety under Beogh
  7363 | D:7      | Reached skill level 5 in Short Blades
  7438 | D:7      | Reached skill level 1 in Shields
  7615 | D:7      | Found a staircase to the Ecumenical Temple.
  7798 | D:7      | You fall into a shaft and drop 2 floors!
  7932 | D:8      | Noticed Maurice
  8063 | D:7      | Noticed Prince Ribbit
  8095 | D:7      | Killed Prince Ribbit
  8673 | D:8      | Reached ** piety under Beogh
  8684 | D:8      | Maurice stole a maw talisman
  8692 | D:8      | Killed Maurice
  8826 | D:8      | Reached XP level 10. HP: 78/84 MP: 11/15
  9038 | D:8      | Found Ichymmon's Fire Supplies.
  9067 | D:8      | Bought a +1 pair of boots of fire resistance for 214 gold
                  | pieces
  9828 | D:9      | Found a white marble altar of Elyvilon.
 10226 | D:9      | Found Iteer's Magic Scroll Emporium.
 10234 | D:9      | Bought a scroll of enchant weapon for 120 gold pieces
 10747 | D:10     | Entered Level 10 of the Dungeon
 10747 | D:10     | Noticed a cane toad
 10747 | D:10     | Found a staircase to the Lair.
 10748 | D:10     | Noticed a death yak
 10755 | D:9      | Reached *** piety under Beogh
 10767 | D:9      | Noticed Arbeogh
 10788 | D:9      | Anointed Arbeogh the warrior as your apostle
 11044 | D:9      | Killed a death yak
 11050 | D:9      | Reached skill level 5 in Dodging
 11158 | D:10     | Killed a cane toad
 11233 | D:10     | Reached XP level 11. HP: 85/94 MP: 14/17
 11303 | D:10     | Found a glowing silver altar of Zin.
 11410 | D:10     | Noticed a skeletal warrior
 11439 | D:10     | Noticed a skeletal warrior
 11439 | D:10     | Noticed a skeletal warrior
 11469 | D:9      | Killed a skeletal warrior
 11470 | D:9      | Reached skill level 5 in Shields
 11492 | D:9      | Noticed Zorug
 11502 | D:9      | Anointed Zorug the wizard as your apostle
 11579 | D:10     | Killed a skeletal warrior
 11651 | D:10     | Noticed a skeletal warrior
 11654 | D:10     | Killed a skeletal warrior
 11657 | D:10     | Killed a skeletal warrior
 11863 | D:10     | Reached **** piety under Beogh
 11911 | D:10     | Noticed a deep elf pyromancer
 11912 | D:10     | Found an ornate altar of the Wu Jian Council.
 11928 | D:10     | Killed a deep elf pyromancer
 11929 | D:10     | Reached skill level 10 in Shapeshifting
 12538 | Lair:1   | Entered Level 1 of the Lair of Beasts
 12841 | Lair:1   | Noticed Nergalle
 12850 | Lair:1   | Killed Nergalle
 12917 | Lair:1   | Reached XP level 12. HP: 104/104 MP: 18/18
 12924 | Lair:1   | Noticed Fannar
 12942 | Lair:1   | Your ally Arbeogh died
 12944 | Lair:1   | Killed Fannar
 13291 | Lair:1   | Noticed Gastronok
 13304 | Lair:1   | Killed Gastronok
 13641 | Lair:2   | Reached ***** piety under Beogh
 13841 | Lair:2   | Anointed Murdo the priest as your apostle
 14097 | Lair:2   | Noticed a five-headed hydra
 14102 | Lair:2   | Killed a five-headed hydra
 14422 | Lair:2   | Found a staircase to the Shoals.
 14472 | Lair:2   | Found a staircase to the Snake Pit.
 14803 | Lair:3   | Reached skill level 10 in Fighting
 14809 | Lair:3   | Reached skill level 1 in Invocations
 15095 | Lair:3   | Noticed a five-headed hydra
 15104 | Lair:3   | Killed a five-headed hydra
 15105 | Lair:3   | Reached XP level 13. HP: 105/113 MP: 17/19
 15867 | Lair:4   | Found a viscous altar of Jiyva.
 15872 | Lair:4   | Found a staircase to the Slime Pits.
 16119 | Lair:4   | Reached ****** piety under Beogh
 16223 | Lair:4   | Learned a level 4 spell: Martyr's Knell
 16747 | Lair:5   | Entered Level 5 of the Lair of Beasts
 16815 | Lair:5   | Reached skill level 1 in Summonings
 16815 | Lair:5   | Reached skill level 1 in Necromancy
 17467 | Lair:5   | Noticed a dire elephant
 17482 | Lair:5   | Killed a dire elephant
 17541 | Lair:5   | Reached skill level 10 in Short Blades
 17601 | Lair:5   | Reached XP level 14. HP: 85/124 MP: 20/20
 18104 | Lair:5   | Identified the +0 pair of gloves "Eppeh" {Rampage rElec}
 19171 | D:12     | Found a transporter.
 19204 | D:12     | Found a staircase to the Orcish Mines.
 19206 | D:12     | Reached skill level 5 in Invocations
 19209 | D:12     | Noticed Jorgrun
 19223 | D:12     | Killed Jorgrun
 19555 | D:12     | Noticed Revguard's ghost (journeyman TrMo)
 19556 | D:12     | Found a transporter.
 19787 | D:12     | Found Xuinaj But's Magic Scroll Shoppe.
 20291 | Orc:1    | Entered Level 1 of the Orcish Mines
 20317 | Orc:1    | Found a radiant altar of Vehumet.
 20394 | Orc:1    | Noticed an orc warlord
 20410 | Orc:1    | Killed an orc warlord
 20717 | Orc:1    | Found Ymoof's Antique Armour Shoppe.
 20724 | Orc:1    | Bought a pair of ichor-stained gloves for 275 gold pieces
 20724 | Orc:1    | Identified the +0 pair of gloves of the Painted God {rPois
                  | rC++} (You bought it in a shop on level 1 of the Orcish
                  | Mines)
 20885 | Orc:2    | Entered Level 2 of the Orcish Mines
 20962 | Orc:2    | Found a staircase to the Elven Halls.
 20971 | Orc:2    | Noticed Nessos
 20982 | Orc:2    | Killed Nessos
 20984 | Orc:2    | Your ally Zorug died
 21190 | Orc:2    | Your ally Arbeogh died
 21199 | Orc:2    | Your ally Murdo died
 21225 | Orc:2    | Anointed Urtork the warrior as your apostle
 21533 | Orc:2    | Found a roughly hewn altar of Beogh.
 21604 | Orc:2    | Found a shimmering blue altar of Sif Muna.
 21617 | Orc:2    | Got Sif Muna's Annotations on the Winter
 21806 | Orc:2    | Gained mutation: You have a pair of small horns on your
                  | head. [a neqoxec]
 21867 | Orc:2    | Noticed an orc warlord
 21973 | Orc:2    | Your ally Urtork died
 22144 | Orc:1    | Found Ymoof's Antique Armour Shoppe.
 22330 | Orc:1    | Found a radiant altar of Vehumet.
 22398 | Orc:1    | Pacified an orc warlord
 22816 | Orc:2    | Paralysed by an orc sorcerer for 5 turns
 23286 | Orc:2    | Found Ripegor's Antique Armour Boutique.
 23286 | Orc:2    | Found Vextit's Antique Weapon Shop.
 23318 | Orc:2    | Found Juremn's General Store.
 23318 | Orc:2    | Found Coifoy's Jewellery Boutique.
 23332 | Orc:2    | Bought a crude hat for 288 gold pieces
 23332 | Orc:2    | Identified the +0 hat of Bedevilment {Stlth+} (You bought
                  | it in a shop on level 2 of the Orcish Mines)
 23549 | D:13     | Found a frozen archway.
 23554 | IceCv    | Entered an ice cave
 23898 | IceCv    | Got the Octavo of Cryomancy
 23935 | IceCv    | Reached skill level 1 in Evocations
 24331 | D:13     | Got Lohuy's Incunable of the Maleficium
 24615 | D:13     | Your ally Urtork died
 24879 | D:13     | Reached XP level 15. HP: 132/132 MP: 21/21
 25199 | D:13     | Identified the amulet of Jati Fiotye {Spirit rPois rF-
                  | Slay+4 SInv}
 25347 | D:14     | Your ally Zorug died
 25407 | D:14     | Found a blossoming altar of Fedhas.
 25740 | D:14     | Reached skill level 5 in Necromancy
 25978 | D:14     | Reached skill level 5 in Summonings
 26017 | D:14     | Found a gate to the Vaults.
 26203 | D:15     | Entered Level 15 of the Dungeon
 26210 | D:15     | Reached skill level 5 in Spellcasting
 26252 | D:15     | Identified the +3 buckler "Imyuqysh" {+Blink rF+++ Will-
                  | Str-3}
 26298 | D:15     | Anointed Bogric the priest as your apostle
 26509 | D:15     | Noticed a frost giant
 26523 | D:15     | Killed a frost giant
 26758 | D:15     | Found a staircase to the Depths.
 26824 | D:15     | Your ally Zorug died
 26914 | D:15     | Reached skill level 1 in Long Blades
 27077 | D:15     | Paralysed by an air elemental for 1 turns
 27751 | Snake:1  | Entered Level 1 of the Snake Pit
 27961 | Snake:1  | Reached XP level 16. HP: 129/141 MP: 22/24
 28178 | Snake:1  | Reached skill level 10 in Shields
 28586 | Snake:2  | Identified the +8 hand axe "Donk" {antimagic, rPois rF+
                  | Dex+3}
 28742 | Snake:2  | Your ally Zorug died
 28751 | Snake:2  | Reached skill level 10 in Dodging
 28762 | Snake:2  | Your ally Arbeogh died
 28763 | Snake:2  | Your ally Bogric died
 29009 | Snake:2  | Noticed Vashnia
 30138 | Snake:2  | Identified the serpent talisman of the Trees {Fly rF+ rN+
                  | Str+3}
 30138 | Snake:2  | Noticed Aizul
 30276 | Snake:1  | Killed Aizul
 30303 | Snake:1  | Killed Vashnia
 30802 | Snake:2  | Identified the +10 flail "Meesux" {drain, *Rage Fly rPois
                  | rN+ Dex+3}
 30858 | Snake:2  | Noticed Roxanne
 30878 | Snake:2  | Killed Roxanne
 31753 | Snake:3  | Reached skill level 5 in Long Blades
 31767 | Snake:3  | Reached skill level 5 in Evocations
 32190 | Snake:3  | Identified the +1 dagger of Destruction {elec, Str+3}
 32203 | Snake:3  | Anointed Ugrim the wizard as your apostle
 33024 | Snake:3  | Found Jusetwow's Book Shoppe.
 33028 | Snake:3  | Found Xibimum's Jewellery Boutique.
 33031 | Snake:3  | Found Viec's Book Shoppe.
 33090 | Snake:3  | Bought the Omnibus of Excavation and Dark Ceremonies for
                  | 684 gold pieces
 33094 | Snake:3  | Learned a level 3 spell: Fugue of the Fallen
 33099 | Snake:3  | Learned a level 4 spell: Anguish
 33103 | Snake:3  | Upgraded the game from 0.32-a0-683-ge26c5dbc97 to
                  | 0.32-a0-696-g5fa0bccb63
 33186 | Snake:4  | Entered Level 4 of the Snake Pit
 33274 | Snake:4  | Reached XP level 17. HP: 149/149 MP: 23/26
 33734 | Snake:3  | Bought Great Wizards, Vol. VII for 480 gold pieces
 33738 | Snake:3  | Learned a level 3 spell: Tukima's Dance
 33834 | Snake:4  | Found Vaisu Xuqe's Assorted Antiques.
 33836 | Snake:4  | Found Jixaunu's Antique Weapon Shop.
 33838 | Snake:4  | Found Roxelefi's Assorted Antiques.
 33839 | Snake:4  | Found Utwumm's Assorted Antiques.
 33910 | Snake:4  | Bought a translucent bone ring for 195 gold pieces
 33910 | Snake:4  | Identified the ring "Zaykkish" {Fire Will+ Int+4} (You
                  | bought it in a shop on level 4 of the Snake Pit)
 34976 | Snake:4  | Your ally Ugrim died
 34976 | Snake:4  | Your ally Arbeogh died
 35371 | Snake:4  | Your ally Bogric died
 35395 | Snake:4  | Identified the +1 robe "Bub Boin" {rN+}
 36196 | Snake:4  | Got a serpentine rune of Zot
 36345 | Shoals:1 | Entered Level 1 of the Shoals
 37642 | Shoals:2 | Noticed Polyphemus
 37642 | Shoals:2 | Noticed Louise
 37647 | Shoals:2 | Killed Polyphemus
 37670 | Shoals:2 | Identified the +5 war axe of Fear {elec, Int+3 Dex+2}
 37674 | Shoals:2 | Killed Louise
 37678 | Shoals:2 | Your ally Arbeogh died
 37682 | Shoals:2 | Your ally Ugrim died
 37694 | Shoals:2 | Your ally Bogric died
 37699 | Shoals:2 | Anointed Bogrim the warrior as your apostle
 37730 | Shoals:2 | Reached XP level 18. HP: 46/159 MP: 6/28
 38821 | Shoals:3 | Found a flickering gateway to a bazaar.
 38833 | Bazaar   | Entered a bazaar
 38883 | Bazaar   | Found Yffirim's Book Boutique.
 38902 | Bazaar   | Found Finnya's Distillery.
 38926 | Bazaar   | Found Zaejoren's Book Boutique.
 38942 | Bazaar   | Found Vekot's Antique Weapon Shoppe.
 38984 | Bazaar   | Bought a potion of haste for 60 gold pieces
 38984 | Bazaar   | Bought a potion of berserk rage for 30 gold pieces
 38984 | Bazaar   | Bought a potion of mutation for 48 gold pieces
 38984 | Bazaar   | Bought a potion of mutation for 48 gold pieces
 38984 | Bazaar   | Bought 2 potions of might for 48 gold pieces
 38984 | Bazaar   | Bought a potion of mutation for 48 gold pieces
 38984 | Bazaar   | Bought a potion of ambrosia for 48 gold pieces
 38984 | Bazaar   | Bought a potion of heal wounds for 30 gold pieces
 38984 | Bazaar   | Bought a potion of curing for 18 gold pieces
 39140 | Shoals:3 | Found a transporter.
 39145 | Shoals:3 | Found a transporter.
 39146 | Shoals:3 | Found a bloodstained altar of Trog.
 39146 | Shoals:3 | Noticed lis82's ghost (adept DgWn)
 39677 | Shoals:4 | Entered Level 4 of the Shoals
 39677 | Shoals:4 | Found a stormy altar of Qazlal.
 39901 | Shoals:4 | Reached skill level 10 in Invocations
 39913 | Shoals:4 | Paralysed by an air elemental for 1 turns
 39915 | Shoals:4 | Paralysed by an air elemental for 1 turns
 40099 | Shoals:4 | Your ally Bogric died
 40370 | Shoals:4 | Paralysed by an air elemental for 1 turns
 40460 | Shoals:4 | Paralysed by an air elemental for 1 turns
 40467 | Shoals:4 | Your ally Arbeogh died
 40481 | Shoals:4 | Your ally Bogric died
 40545 | Shoals:4 | Identified the ring "Kagh" {Wiz Int+4 Dex+4}
 40616 | Shoals:4 | Your ally Bogrim died
 40829 | Shoals:4 | Got a barnacled rune of Zot
 41036 | Shoals:3 | Identified the +8 hand axe of the Grinning Fulmar {speed,
                  | rElec rPois}
 41054 | Shoals:3 | Anointed Alork the priest as your apostle
 41409 | Shoals:3 | Upgraded the game from 0.32-a0-696-g5fa0bccb63 to
                  | 0.32-a0-765-gfba4d74c8c
 41647 | Vaults:1 | Entered Level 1 of the Vaults
 41774 | Vaults:1 | Reached skill level 10 in Long Blades
 41968 | Vaults:1 | Identified the +1 chain mail "Zisutsaim" {rCorr Str+2
                  | Int+4}
 41995 | Vaults:1 | Reached XP level 19. HP: 161/168 MP: 25/29
 42516 | Vaults:1 | Noticed Zenata
 42525 | Vaults:1 | Killed Zenata
 42648 | Vaults:1 | Upgraded the game from 0.32-a0-765-gfba4d74c8c to
                  | 0.32-a0-772-g33df2375a9
 42788 | Vaults:1 | Reached skill level 15 in Shapeshifting
 42796 | Vaults:1 | Your ally Bogrim died
 42802 | Vaults:1 | Your ally Alork died
 42814 | Vaults:1 | Your ally Arbeogh died
 43389 | Vaults:1 | Paralysed by a formless jellyfish for 1 turns
 43403 | Vaults:1 | Paralysed by a sphinx for 2 turns
 43609 | Vaults:2 | Identified the +11 dagger "Wawidef" {heavy, +Blink}
 43713 | Vaults:2 | You fall into a shaft and drop 2 floors!
 43794 | Vaults:2 | Paralysed by a vampire knight for 3 turns
 43801 | Vaults:2 | Reached skill level 15 in Fighting
 44046 | Vaults:2 | Found a staircase to the Crypt.
 44165 | Vaults:2 | Upgraded the game from 0.32-a0-772-g33df2375a9 to
                  | 0.32-a0-791-gfc315c9ecd
 44773 | Vaults:2 | Reached XP level 20. HP: 174/178 MP: 23/30
 44784 | Vaults:2 | Identified the +10 trident "Sehoono" {heavy, Int-5 Dex+5}
 45274 | Vaults:2 | Found a portal to a secret trove of treasure.
 45729 | Vaults:3 | Your ally Arbeogh died
 45751 | Vaults:3 | Upgraded the game from 0.32-a0-791-gfc315c9ecd to
                  | 0.32-a0-798-gfa783ce77f
 45751 | Vaults:3 | Your ally Alork died
 46442 | Vaults:3 | Got Sif Muna's Handbook of Spagyric Pyromancy
 46778 | Vaults:3 | Noticed Mara
 46780 | Vaults:3 | Noticed Jannitor's illusion
 46785 | Vaults:3 | Killed Mara
 47075 | Vaults:3 | Found the +10 tower shield of Ignorance {rN+ Int-4}
 47199 | Vaults:3 | Noticed Jory
 47213 | Vaults:3 | Killed Jory
 48204 | Vaults:4 | Your ally Alork died
 48211 | Vaults:4 | Your ally Arbeogh died
 48212 | Vaults:4 | Your ally Bogrim died
 48923 | Vaults:4 | Reached skill level 15 in Shields
 49631 | Crypt:1  | Entered Level 1 of the Crypt
 49938 | Crypt:1  | Reached skill level 10 in Evocations
 50382 | Crypt:2  | Reached XP level 21. HP: 179/181 MP: 25/32
 50401 | Crypt:2  | Anointed Gorbash the priest as your apostle
 51099 | Crypt:3  | Entered Level 3 of the Crypt
 51846 | Crypt:3  | Your ally Alork died
 52245 | Crypt:3  | Identified the ring "Kofomodwiomu" {Fly rN++}
 52245 | Crypt:3  | Identified the ring of Ascent {rElec rPois rC+ rN++ Dex-5}
 52256 | Crypt:3  | Got the Grimoire of Left-Handed Spells
 52417 | Crypt:3  | Got the Collected Works on Sciomancy
 52826 | Crypt:3  | Found a staircase to the Tomb.
 52863 | Crypt:3  | Noticed a dread lich
 52872 | Crypt:3  | Killed a dread lich
 52877 | Crypt:3  | Killed a dread lich
 52881 | Crypt:3  | Got Zolosog's Concealed Insight and You
 52934 | Crypt:3  | Got the Dissertation on the Distorted Storm
 53227 | Depths:1 | Entered Level 1 of the Depths
 53230 | Depths:1 | Found a bloodstained altar of Trog.
 53339 | Depths:1 | Found Xileas's Book Shop.
 53347 | Depths:1 | Found Hozaem's Jewellery Boutique.
 53843 | Depths:1 | Noticed Margery
 53853 | Depths:1 | Your ally Alork died
 53856 | Depths:1 | Killed Margery
 53860 | Depths:1 | Found a gateway to Hell.
 54132 | Depths:1 | Anointed Marbaugh the warrior as your apostle
 54523 | Depths:2 | Found a hazy altar of Hepliaklqana.
 54610 | Depths:2 | Reached XP level 22. HP: 177/196 MP: 29/34
 54633 | Depths:2 | Your ally Marbaugh died
 54639 | Depths:2 | Your ally Alork died
 54660 | Depths:2 | Your ally Gorbash died
 55713 | Depths:2 | Found a one-way gate leading to the halls of Pandemonium.
 55898 | Depths:3 | Found a one-way gate to the infinite horrors of the Abyss.
 55916 | Depths:3 | Found an opulent altar of Gozag.
 56270 | Depths:4 | Entered Level 4 of the Depths
 56897 | Depths:4 | Found a stormy altar of Qazlal.
 56915 | Depths:4 | Found a one-way gateway to a ziggurat.
 56980 | Depths:4 | Found Laumuuly's General Store.
 56983 | Depths:4 | Bought a scroll of acquirement for 832 gold pieces
 56983 | Depths:4 | Acquired a manual of Long Blades
 57028 | Depths:4 | Found Buizem's Magic Scroll Shop.
 57034 | Depths:4 | Bought a scroll of teleportation for 45 gold pieces
 57034 | Depths:4 | Bought 3 scrolls of teleportation for 135 gold pieces
 57365 | Depths:4 | Found a glowing golden altar of the Shining One.
 57523 | Depths:4 | Noticed a golden dragon
 57537 | Depths:4 | Killed a golden dragon
 57573 | Depths:4 | Found a gate to the Realm of Zot.
 58392 | Depths:3 | Reached skill level 10 in Necromancy
 58398 | Depths:3 | Reached skill level 10 in Summonings
 58425 | Depths:3 | Reached XP level 23. HP: 153/205 MP: 20/36
 58457 | Depths:3 | Your ally Alork died
 58763 | Depths:3 | Anointed Morguth the warrior as your apostle
 59416 | Vaults:5 | Entered Level 5 of the Vaults
 59422 | Vaults:5 | Paralysed by a sphinx for 4 turns
 59494 | Vaults:5 | Got a silver rune of Zot
 59618 | Vaults:5 | Paralysed by a sphinx for 3 turns
 59660 | Vaults:5 | Noticed a dread lich
 59662 | Vaults:5 | Identified the orb of Denoh {light, Str+2 Earth}
 59662 | Vaults:5 | Noticed Frederick
 59666 | Vaults:5 | Paralysed by a dread lich for 3 turns
 59667 | Vaults:5 | Identified the +5 trident "Engoant" {drain, rElec rPois
                  | MP+9 SInv}
 59667 | Vaults:5 | Identified the +6 scale mail "Ciany" {Int+3 Dex+3}
 59668 | Vaults:5 | Killed a dread lich
 59682 | Vaults:5 | Killed Frederick
 59687 | Vaults:5 | Killed the ghostly Frederick
 59697 | Vaults:5 | Identified the +8 morningstar of Heifuk {speed, Str+3 Int+4
                  | Dex-2}
 60379 | Vaults:5 | Noticed Saint Roka
 60386 | Vaults:5 | Killed Saint Roka
 60393 | Vaults:5 | Reached skill level 10 in Spellcasting
 60579 | Vaults:5 | Identified the +8 mace of War {antimagic, +Blink Will+}
 60719 | Vaults:5 | Identified the +8 halberd of the Endless Bounties {flame,
                  | rF- rC+ rN+ Will+}
 60882 | Vaults:5 | Reached XP level 24. HP: 216/216 MP: 37/37
 61079 | Vaults:5 | Got Ufudali's Octavo of Indurated Orientation
 61392 | Vaults:5 | Acquired a manual of Summonings
 61475 | Vaults:5 | Got the Textbook on Exothermic Jinxing
 61759 | Elf:1    | Entered Level 1 of the Elven Halls
 61816 | Elf:1    | Anointed Learuk the priest as your apostle
 61992 | Elf:1    | Got the Thoughts on Conjuring
 62110 | Elf:1    | Found Alishrargh's Clear Minds Boutique.
 62368 | Orc:2    | Bought the amulet of Hiri {Reflect rPois rC+ rN+ SH+5
                  | Stlth-} for 765 gold pieces
 63192 | Elf:2    | Found a runed translucent gate.
 63192 | Elf:2    | Found a runed translucent gate.
 63192 | Elf:2    | Found a runed translucent gate.
 63816 | Elf:2    | Found Akio's General Store.
 63825 | Elf:2    | Bought a potion of might for 44 gold pieces
 63825 | Elf:2    | Bought a scroll of teleportation for 33 gold pieces
 63947 | Elf:3    | Entered Level 3 of the Elven Halls
 63947 | Elf:3    | Found Amimeil's Distillery.
 63947 | Elf:3    | Found Inkul's Assorted Antiques.
 63949 | Elf:3    | Found Kydothro's Jewellery Emporium.
 63972 | Elf:3    | Lost mutation: You have a pair of small horns on your head.
                  | [potion of mutation]
 63972 | Elf:3    | Gained mutation: Your spells are a little easier to cast,
                  | but a little less powerful. [potion of mutation]
 63973 | Elf:3    | Lost mutation: Your spells are a little easier to cast, but
                  | a little less powerful. [potion of mutation]
 63973 | Elf:3    | Gained mutation: You are covered in fur. (AC +1) [potion of
                  | mutation]
 63973 | Elf:3    | Gained mutation: You are dopey. (Int -2) [potion of
                  | mutation]
 63973 | Elf:3    | Gained mutation: Your large and strong wings let you fly.
                  | [potion of mutation]
 63974 | Elf:3    | Lost mutation: Your large and strong wings let you fly.
                  | [potion of mutation]
 63974 | Elf:3    | Lost mutation: You are dopey. (Int -2) [potion of mutation]
 63974 | Elf:3    | Gained mutation: You have sharp fingernails. [potion of
                  | mutation]
 63974 | Elf:3    | Gained mutation: You have supernaturally acute eyesight.
                  | (SInv) [potion of mutation]
 63974 | Elf:3    | Gained mutation: You are weak. (Str -2) [potion of
                  | mutation]
 63974 | Elf:3    | Lost mutation: You are weak. (Str -2) [potion of mutation]
 64569 | Elf:3    | Your ally Learuk died
 64871 | Depths:3 | Voluntarily entered the Abyss.
 64895 | Abyss:1  | Found a corrupted altar of Lugonu.
 65189 | Abyss:2  | Paralysed by accursed screaming for 1 turns
 65345 | Abyss:2  | Your ally Morguth died
 65413 | Abyss:2  | Your ally Gorbash died
 65697 | Abyss:2  | Reached skill level 15 in Invocations
 65749 | Abyss:2  | Found a corrupted altar of Lugonu.
 66158 | Abyss:3  | Paralysed by accursed screaming for 1 turns
 66167 | Abyss:3  | Paralysed by accursed screaming for 1 turns
 66168 | Abyss:3  | HP: 9/217 [sun demon[a balrug] (17)]
 66180 | Abyss:3  | Killed from afar by a smoke demon

Illustrated notes

Levels and vault maps discovered:
D:1:      amcnicky_arrival_abandoned_market, layout_basic
D:2:      layout_basic, nrook_loot_triangle, uniq_terence
D:3:      layout_basic, evilmike_ruin_ashenzari,
          dreamdust_ecumenical_altar_hidden_monk_grotto, uniq_natasha,
          uniq_grinder, uniq_robin
D:4:      layout_basic, dancing_weapons_uskayaw, hex_medium, minmay_crossroads
D:5:      layout_loops_corners, cheibrodos_sewer_entry_bend,
          grunt_decor_mini_mirrors, uniq_sigmund
D:6:      layout_basic
D:7:      cheibrodos_steamvent, layout_loops_ring,
          minmay_temple_entry_stoned_glass, nicolae_ossuary_entry_catacombs,
          uniq_prince_ribbit1
D:8:      layout_loops_ring, serial_bayou_lagoon_a,
          serial_library_hellmonk_h_bend, nicolae_shop_fire_sale
          [nicolae_sub_dead_trees], kb_lookout_dungeons_type, uniq_maurice
D:9:      layout_stronghold, nicolae_elyvilon_temple_path, serial_shops,
          nicolae_shop_advertising_works [nicolae_subvault_shop_adworks],
          lemuel_flame_loot_1
D:10:     layout_irregular_city, old_standard_altar,
          nicolae_overflow_crystal_walls, dpeg_lair_monsters,
          serial_co_window_serial, co_window_paths_b, co_window_paths_a,
          co_window_corner_a, co_window_cross_1, co_window_paths_a,
          co_window_of_opportunity_c, co_window_2corner, co_window_broadway_b,
          co_window_paths_c, co_window_paths_e, glass_columns_b
D:11:     layout_roguey
D:12:     layout_basic, erik_orc_3, gammafunk_ghost_stat_death, serial_shops,
          shop, uniq_jorgrun
D:13:     minmay_box_of_statues, layout_basic, portal_ice_cave_entry_pillars_1,
          chequers_avenue, hangedman_abyss_or_decor_stabs
D:14:     layout_rooms, hellmonk_vaults_attempted_burglary, serial_undead,
          serial_undead_c, serial_undead_a, serial_undead_b, serial_undead_d,
          fedhas_altar_4
D:15:     hangedman_crystal_crosses_colossus [crystal_crosses_arms_four,
          crystal_crosses_arms_two, crystal_crosses_arms_one]
Lair:1:   layout_loops_ring, uniq_fannar, uniq_gastronok, uniq_nergalle
Lair:2:   layout_chaotic_city, elwin_shoals_entry_rocks,
          nicolae_snake_entry_squirm
Lair:3:   layout_chaotic_city, lemuel_fruit_fields, grunt_megastairs_3,
          lemuel_fruit_tree
Lair:4:   layout_layer_cave, nicolae_slime_entry_field_trip
Lair:5:   gammafunk_lair_ancient_temple, layout_regular_city,
          minmay_lair_oklob_bushes
Shoals:1: layout_shoals
Shoals:2: layout_shoals, uniq_polyphemus, uniq_louise
Shoals:3: layout_shoals, serial_shops, statue_bzr,
          gammafunk_ghost_wrathful_warriors
Shoals:4: shoals_end_hellmonk_storm_palace [storm_palace_center_circular,
          storm_palace_corner_grid, storm_palace_corner_altar,
          storm_palace_corner_reverse_hut, storm_palace_corner_blocked]
Snake:1:  layout_rooms
Snake:2:  layout_layer_cave, serial_bayou_shore_b, uniq_vashnia, uniq_roxanne,
          uniq_aizul
Snake:3:  layout_cave_town, grunt_ministairs_6, minmay_shop_grove
Snake:4:  grunt_snake_rune_spirals, layout_onion, special_room,
          minmay_shop_grid_forest, nrook_guardian_serpent_double
Orc:1:    layout_caves, basic_altar, serial_shops, shop
Orc:2:    st_orc_congregation, layout_diamond_mine, basic_altar, led_sif_book,
          uniq_nessos
Elf:1:    eino_elf_arrival_the_gate, layout_loops_corners,
          minmay_elf_annihilation, nicolae_clarity_for_sale
Elf:2:    elven_hall_of_blades_hangedman_original
          [nicolae_blade_entry_pointy_end], layout_geoelf_grid, serial_shops,
          nicolae_shop_waterfront
Elf:3:    minmay_elf_hall_dome, layout_gridlike, serial_shops,
          nicolae_shop_peninsula, shop, shop
Vaults:1: nicolae_vaults_octagons, v_pattern_1, ontoclasm_vaults_gateway,
          nicolae_vaults_heart-shaped_vault, v_alt_pattern_3,
          dpeg_vaults_monster_row, nicolae_vaults_more_shelving_2,
          nicolae_vaults_big_angled_halls, nicolae_vaults_double_plus_1,
          layout_vaults_chaotic_city, uniq_zenata
Vaults:2: vaults_room_grid, nicolae_vaults_little_squares_6,
          nicolae_vaults_little_squares_1, minmay_crypt_entry_simple_box,
          nicolae_vaults_shelves_hall, nicolae_vaults_crenellated_ambush,
          nicolae_vaults_weapon_check, vaults_room_corners,
          nicolae_vaults_tetromino_Z_2, nicolae_vaults_six-pack,
          layout_vaults_omnigrid, enter_trove_0
Vaults:3: nicolae_vaults_network_periphery, v_pattern_3,
          vaults_standard_mumra_enter_the_diamond, v_rooms_5,
          nicolae_vaults_meiosis, nicolae_vaults_storage_closets_3,
          nicolae_vaults_storage_room_glass, layout_vaults_ring, uniq_jory,
          uniq_mara
Vaults:4: nicolae_vaults_wrenched, vaults_mumra_minichess_inversion, v_misc_29,
          nicolae_vaults_quadrants, v_misc_3,
          nicolae_vaults_offset_grid_hallway_1,
          ontoclasm_vaults_decontamination, nicolae_vaults_little_squares_2,
          nicolae_vaults_oval_intersection, nicolae_vaults_apartment_2,
          v_pattern_2, nicolae_vaults_double_plus_1, nicolae_vaults_rhombus_5,
          nicolae_vaults_little_squares_3, layout_vaults_maze_snakey
Vaults:5: uniq_frederick, uniq_saint_roka
Crypt:1:  layout_rooms, minivault_27, minmay_misc_feat_five
Crypt:2:  layout_catacombs
Crypt:3:  quadcrypt_mu
Depths:1: layout_honeycomb, grunt_metal_band, nrook_campfire,
          trog_three_pillars_becter, minmay_shoptagon
Depths:2: minmay_big_diamond_grid, layout_basic, nzn_hepliaklqana_mist_gate,
          grunt_pan_entry_zigzag, hell_entry
Depths:3: grunt_house_of_mirrors, layout_gridlike, hangedman_decor_push,
          abyss_entry, hell_entry,
          nicolae_gozag_cash_rules_everything_around_me,
          infiniplex_staircase_zigzag_1
Depths:4: grunt_zot_entry_gee_three, layout_honeycomb, enter_ziggurat_b,
          serial_shops, shop, shop, hangedman_tar_grid_catacomb,
          rand_demon_pan_entry_8, nicolae_qazlal_scattered_showers,
          nicolae_tso_carved_into_rock, serial_bayou_shore_b
Abyss:3:  base:
Vaults:3

Skill      XL: |  1  2  3  4  5  6  7  8  9 10 11 12 13 14 15 16 17 18 19 20 21 22 23 24 |
---------------+-------------------------------------------------------------------------+-----
Ranged Weapons | 2 |  2.1
Dodging        | 2 4 5 6 7 8 9 10 11 12 13 14 | 14.7
Fighting       | 2 3 4 5 6 7 9 10 11 12 13 14 15 16 17 18 | 18.2
Shapeshifting  | 1 2 3 4 5 6 7 9 10 11 12 13 14 15 16 17 | 17.3
Short Blades   | 1 2 3 4 5 6 8 9 10 11 | 11.1
Hexes          | 3 4 |  4.8
Spellcasting   | 3 4 5 6 7 8 9 10 | 10.6
Shields        | 2 4 6 7 8 9 10 11 12 14 15 16 17 18 | 18.7
Invocations    | 2 4 6 7 8 9 10 11 12 13 14 15 | 15.0
Summonings     | 2 4 5 7 8 9 10 12 | 12.1
Necromancy     | 2 4 5 7 9 10 11 | 11.5
Evocations     | 1 3 5 6 7 9 10 11 12 | 12.8
Long Blades    | 2 5 8 10 11 12 14 | 14.9
Fire Magic     | |  1.2

Action                     |  1- 3 |  4- 6 |  7- 9 | 10-12 | 13-15 | 16-18 | 19-21 | 22-24 || total
---------------------------+-------+-------+-------+-------+-------+-------+-------+-------++-------
  Melee: Dagger            |    97 |    57 |       |       |       |       |       |       ||   154
         Tailslap          |     9 |    16 |    80 |    94 |   262 |   268 |   385 |   341 ||  1455
         Rapier            |       |    75 |   495 |   451 |  1002 |       |       |       ||  2023
         Maw               |       |       |       |   171 |   571 |   499 |   670 |   562 ||  2473
         Headbutt          |       |       |       |       |   215 |   352 |   509 |   324 ||  1400
         Demon blade       |       |       |       |       |   114 |  1068 |  1385 |  1224 ||  3791
   Fire: Sling             |    38 |       |       |       |       |       |       |       ||    38
  Throw: Dart              |     1 |       |     5 |     4 |     5 |       |       |       ||    15
   Cast: Jinxbite          |     6 |    13 |    46 |    29 |    31 |     1 |       |     2 ||   128
         Tukima's Dance    |       |       |       |       |       |     4 |       |       ||     4
         Martyr's Knell    |       |       |       |       |       |       |    21 |    58 ||    79
         Fugue of the Fall |       |       |       |       |       |       |       |    26 ||    26
 Invoke: Convert to Beogh  |       |       |     1 |       |       |       |       |       ||     1
         Recruit Apostle   |       |       |       |     3 |     2 |     3 |     2 |     2 ||    12
         Recall Apostles   |       |       |       |     2 |    13 |     4 |     4 |    16 ||    39
         Smiting           |       |       |       |       |    10 |    16 |    30 |     9 ||    65
         Dismiss Apostle   |       |       |       |       |     2 |     3 |     2 |     2 ||     9
         Blood for Blood   |       |       |       |       |     1 |     1 |       |       ||     2
Ability: Combustion Breath |       |       |     4 |     5 |     4 |     1 |     4 |     3 ||    21
  Evoke: Wand              |       |       |       |     7 |       |       |       |     5 ||    12
         Box of beasts     |       |       |       |       |     1 |     1 |     2 |     2 ||     6
         Lightning rod     |       |       |       |       |       |     3 |       |       ||     3
         Tin of tremorston |       |       |       |       |       |       |       |     1 ||     1
    Use: Scroll            |       |     6 |     7 |     9 |    10 |    10 |     9 |    11 ||    62
         Potion            |       |     6 |       |     3 |     5 |     7 |    11 |    13 ||    45
   Stab: Sleeping          |       |     2 |     5 |     1 |     6 |     3 |     5 |     1 ||    23
         Invisible         |       |     1 |       |       |       |       |       |       ||     1
         Distracted        |       |       |     3 |     5 |    17 |    23 |    23 |    32 ||   103
         Confused          |       |       |       |     7 |     5 |     2 |    10 |     7 ||    31
         Petrified         |       |       |       |       |       |       |     3 |     2 ||     5
         Petrifying        |       |       |       |       |       |       |     3 |     4 ||     7
         Paralysed         |       |       |       |       |       |       |     5 |     5 ||    10
 Armour: Skin              |    80 |   136 |   284 |   191 |   558 |   737 |   405 |   419 ||  2810
  Dodge: Dodged            |   104 |    94 |   324 |   365 |   740 |   716 |   436 |   394 ||  3173
  Block: Buckler           |       |       |    48 |   130 |   308 |    24 |       |       ||   510
         Kite shield       |       |       |       |       |       |   442 |       |       ||   442
         Tower shield      |       |       |       |       |       |   798 |  1481 |  1466 ||  3745
         Reflection        |       |       |       |       |       |       |       |    33 ||    33
   Form: Maw               |       |       |       |     1 |       |       |       |       ||     1

Table legend: (Time is in decaauts)
 A = Elapsed time spent in this place.
 B = Non-inter-level travel time spent in this place.
 C = Inter-level travel time spent in this place.
 D = Time resting spent in this place.
 E = Time spent auto-exploring this place.
 F = Levels seen in this place.
 G = Mean time per level.
                   A        B        C        D        E       F      G
               +--------+--------+--------+--------+--------+-----+--------+
         Total |  65611 |  61670 |   3941 |  12802 |  35785 |  52 | 1261.8 |
       Dungeon |  17234 |  16202 |   1032 |   1981 |  10830 |  15 | 1148.9 |
          Lair |   6029 |   5552 |    477 |    711 |   4025 |   5 | 1205.8 |
        Shoals |   4736 |   4585 |    151 |   1067 |   2413 |   4 | 1184.0 |
     Snake Pit |   8744 |   8169 |    575 |   3306 |   3483 |   4 | 2186.0 |
  Orcish Mines |   3250 |   3028 |    222 |    954 |   1503 |   2 | 1625.0 |
   Elven Halls |   2766 |   2575 |    191 |    280 |   1811 |   3 |  922.0 |
        Vaults |  10332 |   9702 |    630 |   2687 |   4974 |   5 | 2066.4 |
         Crypt |   3439 |   3205 |    234 |    270 |   2208 |   3 | 1146.3 |
        Depths |   5964 |   5540 |    424 |   1073 |   3249 |   4 | 1491.0 |
         Abyss |   1244 |   1244 |      0 |     95 |    603 |   3 |  414.7 |
        Bazaar |    179 |    179 |      0 |      0 |    123 |   1 |  179.0 |
         Sewer |    789 |    789 |      0 |    198 |    229 |   1 |  789.0 |
       Ossuary |    372 |    372 |      0 |    136 |    103 |   1 |  372.0 |
      Ice Cave |    526 |    526 |      0 |     43 |    230 |   1 |  526.0 |
               +--------+--------+--------+--------+--------+-----+--------+

Top non-repeatable levels by time:
 Snake:4: 3055 daAuts
 Snake:1: 2422 daAuts
Vaults:2: 2413 daAuts
Vaults:4: 2288 daAuts
Vaults:3: 2036 daAuts
 Crypt:3: 1983 daAuts
Vaults:1: 1938 daAuts
Depths:4: 1910 daAuts
   Orc:1: 1900 daAuts
 Snake:2: 1872 daAuts
Vaults:5: 1655 daAuts
Depths:2: 1566 daAuts
     D:9: 1542 daAuts
  Lair:5: 1538 daAuts
  Lair:2: 1476 daAuts
